 Dungeon Sprint DCSS version 0.23.1 (webtiles) character file.

Game seed: 7517467981680537433

935 wilfster70 the Covert (level 8, -2/36 HPs)
             Began as a Vine Stalker Enchanter on Mar 7, 2019.
             Was a Believer of Dithmenos.
             Slain by a killer bee (6 damage)
             ... in the Dungeon (Sprint IV: "Fedhas' Mad Dash").
             The game lasted 00:04:28 (473 turns).

wilfster70 the Covert (Vine Stalker Enchanter)       Turns: 473, Time: 00:04:29

Health: -2/36      AC:  2    Str: 11    XL:     8   Next: 11%
Magic:  0/21       EV: 12    Int: 17    God:    Dithmenos [**....]
Gold:   104        SH:  0    Dex: 15    Spells: 18/24 levels left

rFire    . . .     SeeInvis .   a - +1 dagger
rCold    . . .     Gourm    .   (no shield)
rNeg     . . .     Faith    .   b - +0 robe
rPois    .         Spirit   +   (no helmet)
rElec    .         Reflect  .   (no cloak)
rCorr    .         Harm     .   (no gloves)
MR       +....     NoTele   +   (no boots)
Stlth    ++++++....             k - amulet of invisibility {+Inv}
HPRegen  0.52/turn              (no ring)
MPRegen  0.17/turn              (no ring)

@: wreathed by umbra
A: fangs 3, regeneration 1, magic shield, antimagic bite, no potion heal 3, rot
immunity
a: Shadow Step, Renounce Religion, Evoke Invisibility


You were in the Dungeon.
You worshipped Dithmenos.
Dithmenos was pleased with you.
You were not hungry.

You visited 1 branch You collected 104 gold pieces.

Inventory:

Hand Weapons
 a - a +1 dagger (weapon)
Armour
 b - a +0 robe (worn)
Jewellery
 k - the amulet of invisibility (around neck) {+Inv}
   (You found it in the Dungeon)

   [amulet of nothing]

   It lets you turn invisible.
 m - an uncursed ring of fire {unknown}
Scrolls
 l - a scroll of fog {unknown}
Potions
 c - a potion of brilliance {unknown}
 f - a potion of heal wounds
 g - a potion of haste
 h - 2 potions of magic
 j - a potion of might {unknown}
Comestibles
 d - a ration


   Skills:
 - Level 6.2 Short Blades
 - Level 1.5 Dodging
 + Level 11.2 Stealth
 + Level 8.6 Spellcasting
 + Level 8.9 Hexes
 + Level 0.3 Invocations
 + Level 6.1 Evocations


You had 18 spell levels left.
You knew the following spells:

 Your Spells              Type           Power        Failure   Level  Hunger
a - Corona                Hex            #####..      1%          1    None
b - Ensorcelled Hibernat  Hex/Ice        ###...       2%          2    None
c - Confuse               Hex            #####...     1%          3    #......

Your spell library contained the following spells:

 Spells                   Type           Power        Failure   Level  Hunger
 Tukima's Dance           Hex            #####...     1%          3    #......
 Dazzling Spray           Conj/Hex       ###...       4%          3    #......


Dungeon Overview and Level Annotations

Branches:
Dungeon (1/1)

Altars:
Cheibriados
Dithmenos
Elyvilon
Gozag
Hepliaklqana
Kikubaaqudgha
Makhleb
Nemelex Xobeh
Okawaru
Qazlal
Ru
Sif Muna
Trog
Uskayaw
Vehumet
Wu Jian
Xom
Yredelemnul
Zin
The Shining One
Beogh
Jiyva
Lugonu

Shops:
D [%(*


Innate Abilities, Weirdness & Mutations

You have razor-sharp teeth.
Your natural rate of healing is unusually fast.
When hurt, damage is shared between your health and your magic reserves.
Your bite disrupts and absorbs the magic of your enemies.
Potions cannot restore your health.
You are immune to rotting.


Message History

Aim: a killer bee (umbra, chance to defeat MR: 61%)
The killer bee resists with significant effort.
The killer bee buzzes angrily.
You feel sick. The killer bee closely misses you. x2
The killer bee stings you!
You are more poisoned.
The killer bee poisons you! The killer bee stings you.
* * * LOW HITPOINT WARNING * * *
Casting: Ensorcelled Hibernation (safe; 2% risk of failure)
Confirm with . or Enter, or press ? or * to list all spells.
Aiming: Ensorcelled Hibernation (safe; 2% risk of failure)
Press: ? - help, Shift-Dir - straight line, f/p - killer bee
Aim: a killer bee (umbra, chance to defeat MR: 61%)
The killer bee resists with significant effort.
The killer bee buzzes angrily.
You feel sick. The killer bee closely misses you. x2
The killer bee completely misses you. The killer bee stings you.
* * * LOW HITPOINT WARNING * * *
Your system rejects the healing.
You feel better. The killer bee stings you!
You die...

##############################
#<..P#....†#.....#.⌠._._._._.⌠
#PP..'.....'.#.).'.._._._._._.
#PPPP#...†.#.#...#..._._._._..
###############'##.._._._._._.
♣...y..yy@...#._._._._._.⌠
#yy.y..♣....y#...#############
#.....♣..♣..######
##+####+#####


You could see 4 killer bees.

Vanquished Creatures
  2 wandering mushrooms (D)
  A burning bush (D)
  2 scorpions (D)
  A worker ant (D)
  4 oklob saplings (D)
  2 spriggans (D)
  A river rat (D)
  A rat (D)
14 creatures vanquished.

Notes
Turn   | Place    | Note
-------+----------+-------------------------------------------
     0 | D        | wilfster70 the Vine Stalker Enchanter began the quest for
                  | the Orb.
     0 | D        | Reached XP level 1. HP: 9/9 MP: 4/4
     8 | D        | Reached skill level 1 in Short Blades
     8 | D        | Reached skill level 4 in Stealth
     8 | D        | Reached XP level 2. HP: 13/13 MP: 5/7
    32 | D        | Learned a level 2 spell: Ensorcelled Hibernation
    35 | D        | Noticed an oklob sapling
    36 | D        | Killed an oklob sapling
    36 | D        | Reached skill level 5 in Stealth
    36 | D        | Reached XP level 3. HP: 16/16 MP: 9/9
    41 | D        | Learned a level 3 spell: Confuse
    44 | D        | Found the amulet of invisibility {+Inv}
    45 | D        | Reached skill level 6 in Stealth
    45 | D        | Gained mutation: Your natural rate of healing is unusually
                  | fast. [Vine Stalker growth]
    45 | D        | Reached XP level 4. HP: 21/21 MP: 11/11
    61 | D        | Found an opulent altar of Gozag.
    61 | D        | Found a hazy altar of Hepliaklqana.
    61 | D        | Found a burning altar of Makhleb.
    61 | D        | Found a roughly hewn altar of Beogh.
    61 | D        | Found a sparkling altar of Nemelex Xobeh.
    61 | D        | Found a snail-covered altar of Cheibriados.
    61 | D        | Found a sacrificial altar of Ru.
    61 | D        | Found a deep blue altar of Sif Muna.
    61 | D        | Found a shimmering altar of Xom.
    61 | D        | Found a basalt altar of Yredelemnul.
    62 | D        | Found a viscous altar of Jiyva.
    62 | D        | Found a bloodstained altar of Trog.
    62 | D        | Found an ornate altar of the Wu Jian Council.
    62 | D        | Noticed an oklob sapling priest
    63 | D        | Found an iron altar of Okawaru.
    63 | D        | Found a stormy altar of Qazlal.
    63 | D        | Found a hide-covered altar of Uskayaw.
    63 | D        | Found an ancient bone altar of Kikubaaqudgha.
    63 | D        | Found a radiant altar of Vehumet.
    63 | D        | Found a corrupted altar of Lugonu.
    63 | D        | Found a glowing silver altar of Zin.
    63 | D        | Found a shadowy altar of Dithmenos.
    63 | D        | Found a glowing golden altar of the Shining One.
    63 | D        | Found a white marble altar of Elyvilon.
    64 | D        | Killed an oklob sapling priest
    64 | D        | Reached skill level 7 in Stealth
    64 | D        | Reached skill level 5 in Spellcasting
    64 | D        | Reached skill level 5 in Hexes
    64 | D        | Reached XP level 5. HP: 24/24 MP: 11/13
    70 | D        | Became a worshipper of Dithmenos the Shadowed
   157 | D        | Reached skill level 1 in Evocations
   174 | D        | Reached * piety under Dithmenos
   174 | D        | Reached skill level 5 in Short Blades
   174 | D        | Reached skill level 8 in Stealth
   192 | D        | Reached XP level 6. HP: 8/28 MP: 0/16
   286 | D        | Found Oxoxzeof's Food Shop.
   286 | D        | Found Zomaid's Antique Armour Emporium.
   293 | D        | Noticed a burning bush
   293 | D        | Noticed a wandering mushroom
   294 | D        | Noticed a wandering mushroom
   296 | D        | Killed a wandering mushroom
   296 | D        | Reached skill level 9 in Stealth
   296 | D        | Reached XP level 7. HP: 32/32 MP: 16/18
   298 | D        | Reached ** piety under Dithmenos
   396 | D        | Killed a wandering mushroom
   396 | D        | Reached skill level 10 in Stealth
   396 | D        | Reached skill level 5 in Evocations
   402 | D        | Killed a burning bush
   402 | D        | Reached skill level 11 in Stealth
   402 | D        | Gained mutation: You have razor-sharp teeth. [Vine Stalker
                  | growth]
   402 | D        | Reached XP level 8. HP: 36/36 MP: 15/21
   409 | D        | Found Egoaq's Assorted Antiques.
   409 | D        | Found Kitiac's Antique Weapon Shoppe.
   461 | D        | Noticed a queen bee
   473 | D        | Slain by a killer bee

Skill      XL: |  1  2  3  4  5  6  7 |
---------------+----------------------+-----
Short Blades   | 1 2 3 4 5 6 |  6.2
Stealth        | 4 5 6 7 8 9 11 | 11.2
Spellcasting   | 3 4 5 6 7 8 |  8.6
Hexes          | 4 5 6 7 8 |  8.9
Evocations     | 2 4 6 |  6.1
Dodging        | |  1.5
Invocations    | |  0.3

Action                   |  1- 3 |  4- 6 |  7- 9 || total
-------------------------+-------+-------+-------++-------
Melee: Dagger            |     4 |    25 |     7 ||    36
       Bite              |       |     4 |       ||     4
 Cast: Ensorcelled Hiber |       |     4 |     3 ||     7
       Confuse           |       |     2 |     1 ||     3
  Use: Scroll            |       |     1 |       ||     1
       Potion            |       |     1 |     1 ||     2
 Stab: Sleeping          |     4 |     4 |     3 ||    11
       Confused          |       |       |     2 ||     2
Armor: Robe              |       |     1 |     1 ||     2
Dodge: Dodged            |       |     9 |    10 ||    19
